 Dungeon Crawl Stone Soup version 0.28.0-53-g5a82cb258f (webtiles) character file.

Game seed: 14344194835274632908

60 MiltankisOP the Conjurer (level 3, -4/19 HPs)
             Began as a Deep Elf Conjurer on June 14, 2022.
             Slain by Grinder (5 damage)
             ... while paralysed by Grinder
             ... on level 3 of the Dungeon.
             The game lasted 00:04:55 (1832 turns).

MiltankisOP the Conjurer (Deep Elf Conjurer)        Turns: 1832, Time: 00:04:56

Health: -4/19      AC:  2    Str:  4    XL:     3   Next: 82%
Magic:  2/9        EV:  2    Int: 24    God:
Gold:   87         SH:  0    Dex: 13    Spells: 2/8 levels left

rFire   . . .      SeeInvis .   b - staff of conjuration
rCold   . . .      Faith    .   (no shield)
rNeg    . . .      Spirit   .   a - +0 robe
rPois   .          Reflect  .   (no helmet)
rElec   .          Harm     .   (no cloak)
rCorr   .          Rampage  .   (no gloves)
Will    .....                   (no boots)
Stlth   ++........              (no amulet)
HPRegen 0.06/turn               (no ring)
MPRegen 0.11/turn               (no ring)

@: paralysed
A: no striking features
a: no special abilities


You were on level 3 of the Dungeon.
You visited 1 branch of the dungeon, and saw 3 of its levels.

You collected 87 gold pieces.

Inventory:

Armour
 a - a +0 robe (worn)
 c - a scarf of harm
Magical Staves
 b - a staff of conjuration (weapon)
Scrolls
 d - a scroll of identify {unknown}
 h - a scroll of teleportation {unknown}
Potions
 e - a potion of degeneration {unknown}
 f - a potion of berserk rage {unknown}
 g - a potion of mutation {unknown}


   Skills:
 - Level 2.4 Dodging
 - Level 2.4 Stealth
 + Level 3.1 Spellcasting
 - Level 6.0 Conjurations
 * Level 0.3 Fire Magic


You had 2 spell levels left.
You knew the following spells:

 Your Spells              Type           Power      Damage    Failure   Level
a - Magic Dart            Conj           100%       1d8       1%          1
b - Searing Ray           Conj           96%        2d7       1%          2
c - Conjure Flame         Conj/Fire      28%        6-21      9%          3

Your spell library contained the following spells:

 Spells                   Type           Power      Damage    Failure   Level
 Foxfire                  Conj/Fire      100%       2x1d9     3%          1
 Dazzling Flash           Conj/Hex       54%        N/A       10%         3
 Flame Wave               Conj/Fire      28%        2d8       28%         4
 Inner Flame              Hex/Fire       4%         N/A       30%         3
 Fulminant Prism          Conj/Hex       13%        3d9       30%         4
 Iskenderun's Mystic Bla  Conj/Tloc      27%        2d7       30%         4
 Passage of Golubria      Tloc           3%         N/A       71%         4
 Silence                  Hex/Air        1%         N/A       96%         5
 Lehudib's Crystal Spear  Conj/Erth      13%        10d5      100%        8


Dungeon Overview and Level Annotations

Branches:
Dungeon (3/15)

Altars:

Annotations:
D:3 Grinder


Message History

Grinder comes into view.
Casting: Magic Dart (safe; 1% risk of failure)
Confirm with . or Enter, or press ? or * to list all spells.
The spell is extremely dangerous to miscast (9% risk of failure)!
Continue anyway?
Okay, then.
Casting: Conjure Flame (extremely dangerous; 9% risk of failure)
Confirm with . or Enter, or press ? or * to list all spells.
You can't see any susceptible monsters within range! (Use Z to cast anyway.)
Casting: Conjure Flame (extremely dangerous; 9% risk of failure)
Confirm with . or Enter, or press ? or * to list all spells.
Aiming: Searing Ray (safe; 1% risk of failure)
Press: ? - help, Shift-Dir - straight line, f - Grinder
Aim: Grinder (81% to hit)
You feel a surge of power!
The searing ray hits Grinder.
Grinder is lightly wounded. (Press . to maintain the ray.)
The searing ray hits Grinder!
Grinder is moderately wounded.
The searing ray hits Grinder!
Grinder is heavily wounded.
Grinder hits you.
An endoplasm comes into view.
The searing ray hits Grinder!
Grinder is severely wounded.
You finish channelling your searing ray.
The endoplasm quivers.
Grinder hits you!
You writhe in agony.
* * * LOW HITPOINT WARNING * * *
Casting: Searing Ray (safe; 1% risk of failure)
Confirm with . or Enter, or press ? or * to list all spells.
Aiming: Searing Ray (safe; 1% risk of failure)
Press: ? - help, Shift-Dir - straight line, f/p - Grinder
Aim: Grinder (severely wounded, 81% to hit)
You feel a surge of power!
The searing ray hits Grinder.
Grinder is almost dead. (Press . to maintain the ray.) Grinder gestures at you.
You suddenly lose the ability to move!
Grinder hits you.
You die...

5. #. #) #.## ..#
#.# # #.##.##..
#####5J......
##...@...#####
###..###.....#
#####...## #.....#
.........###.....#
.......)<..........
.........####.#.....
########## .#####.
.#


You could see Grinder and an endoplasm.

Vanquished Creatures
  An adder (D:2)
  2 dart slugs (D:2)
  5 ball pythons
  4 endoplasms
  2 giant cockroaches
  4 hobgoblins
  4 quokkas
  A bat (D:2)
  A frilled lizard (D:1)
  7 goblins
  7 kobolds
  4 rats
42 creatures vanquished.

Vanquished Creatures (others)
  7 fungi (D:1)
  3 plants (D:1)
10 creatures vanquished.

Grand Total: 52 creatures vanquished

Notes
Turn   | Place    | Note
-------+----------+-------------------------------------------
     0 | D:1      | MiltankisOP the Deep Elf Conjurer began the quest for the
                  | Orb.
     0 | D:1      | Reached XP level 1. HP: 10/10 MP: 6/6
   279 | D:1      | Reached XP level 2. HP: 15/15 MP: 5/8
   280 | D:1      | Reached skill level 5 in Conjurations
   452 | D:1      | Learned a level 2 spell: Searing Ray
   842 | D:1      | Found a faded altar of an unknown god.
  1243 | D:2      | Reached XP level 3. HP: 19/19 MP: 7/9
  1673 | D:2      | Reached skill level 6 in Conjurations
  1718 | D:2      | Learned a level 3 spell: Conjure Flame
  1819 | D:3      | Noticed Grinder
  1831 | D:3      | Paralysed by Grinder for 4 turns
  1832 | D:3      | Slain by Grinder

Illustrated notes

Levels and vault maps discovered:
D:1:      dpeg_arrival_snail, layout_basic,
          shapermc_ecumenical_altar_hornbeckon, serial_forest,
          infiniplex_forest_3_way, infiniplex_forest_clump_double,
          infiniplex_forest_end_2, infiniplex_forest_lined_corner
D:2:      layout_basic
D:3:      layout_rooms, ebering_ghost_inner_flame, serial_shops,
          nicolae_shop_window_shopping, kennysheep_generic_room_8, uniq_grinder

Skill      XL: |  1  2  3 |
---------------+----------+-----
Conjurations   | 5 6 |  6.0
Dodging        | |  2.4
Stealth        | |  2.4
Spellcasting   | |  3.1
Fire Magic     | |  0.3

Action                   || total
-------------------------++-------
 Cast: Magic Dart        ||    85
       Searing Ray       ||     2
Dodge: Dodged            ||     5
